% Time on Ice - KANSAS CITY KILLERBEES
Lines # - Real PCT - Wanted PCT - Time Play
Normal Forward
1 - 31% - 36% - 13:43
2 - 28% - 31% - 12:28
3 - 25% - 23% - 11:12
4 - 15% - 10% - 6:51
Normal Defense
1 - 38% - 36% - 16:37
2 - 29% - 31% - 12:53
3 - 31% - 23% - 13:32
4 - 3% - 10% - 1:12
PP Forward
1 - 58% - 55% - 1:09
2 - 42% - 45% - 0:50
PP Defense
1 - 87% - 55% - 1:43
2 - 13% - 45% - 0:16
PK Forward
1 - 61% - 55% - 6:00
2 - 39% - 45% - 3:49
PK Defense
1 - 47% - 55% - 4:35
2 - 53% - 45% - 5:14
PK3 Forward
1 - 0% - 55%
2 - 0% - 45%
PK3 Defense
1 - 0% - 55%
2 - 0% - 45%
44 Forward
1 - 53% - 55% - 2:06
2 - 47% - 45% - 1:52
44 Defense
1 - 53% - 55% - 2:06
2 - 47% - 45% - 1:52
Last Minute Offensive  - 0:00
Last Minute Defensive  - 0:00
Total
Forward - 60:00
Defense - 60:00
% Time on Ice - LOS ANGELES SEALS
Lines # - Real PCT - Wanted PCT - Time Play
Normal Forward
1 - 28% - 36% - 12:22
2 - 37% - 31% - 16:31
3 - 27% - 23% - 11:59
4 - 8% - 10% - 3:22
Normal Defense
1 - 36% - 36% - 15:55
2 - 33% - 31% - 14:34
3 - 26% - 23% - 11:34
4 - 5% - 10% - 2:11
PP Forward
1 - 50% - 55% - 4:57
2 - 50% - 45% - 4:52
PP Defense
1 - 41% - 55% - 4:04
2 - 59% - 45% - 5:45
PK Forward
1 - 78% - 55% - 1:33
2 - 22% - 45% - 0:26
PK Defense
1 - 38% - 55% - 0:45
2 - 62% - 45% - 1:14
PK3 Forward
1 - 0% - 55%
2 - 0% - 45%
PK3 Defense
1 - 0% - 55%
2 - 0% - 45%
44 Forward
1 - 60% - 55% - 2:22
2 - 40% - 45% - 1:36
44 Defense
1 - 55% - 55% - 2:11
2 - 45% - 45% - 1:47
Last Minute Offensive  - 0:00
Last Minute Defensive  - 0:00
Total
Forward - 60:00
Defense - 60:00
Play-by-Play 1st period 0:01 of 1st period - Zach Aston-Reese wins face-off versus Mikael Backlund in neutral zone. 0:28 of 1st period - Shot by Zach Aston-Reese. 0:28 of 1st period - Shot Misses the Net. 0:34 of 1st period - Shot by Alexis Lafreniere. 0:34 of 1st period - Shot Blocked by Torey Krug. 1:02 of 1st period - Shot by Buddy Robinson. 1:02 of 1st period - Stopped by Linus Ullmark with a rebound. 1:23 of 1st period - Icing by Colin Miller. 1:24 of 1st period - Dylan Strome wins face-off versus Yegor Sharangovich in KANSAS CITY KILLERBEES zone. 1:37 of 1st period - Shot by Dylan Strome. 1:37 of 1st period - Stopped by Casey DeSmith without a rebound. 1:38 of 1st period - Nicolas Roy wins face-off versus Tyler Johnson in KANSAS CITY KILLERBEES zone. 1:51 of 1st period - Shot by Tyler Johnson. 1:51 of 1st period - Deflect By Anders Bjork. 1:51 of 1st period - Stopped by Linus Ullmark with a rebound. 1:57 of 1st period - Will Butcher is hit by Nick Bonino and loses puck. 2:11 of 1st period - Icing by Filip Hronek. 2:12 of 1st period - Nicolas Roy wins face-off versus Jake Lucchini in LOS ANGELES SEALS zone. 2:24 of 1st period - Nick Bonino is hit by K'Andre Miller and loses puck. 3:00 of 1st period - Minor Penalty to MacKenzie Entwistle for Roughing. 3:01 of 1st period - Mikael Backlund wins face-off versus Zach Aston-Reese in KANSAS CITY KILLERBEES zone. 4:21 of 1st period - Shot by Nick Bonino. 4:21 of 1st period - Shot Misses the Net. 4:23 of 1st period - Shot by Jakub Voracek. 4:23 of 1st period - Stopped by Casey DeSmith without a rebound. 4:24 of 1st period - James van Riemsdyk wins face-off versus Mikael Backlund in KANSAS CITY KILLERBEES zone. 4:39 of 1st period - Shot by Dylan Strome. 4:39 of 1st period - Shot Hit the Post. 5:04 of 1st period - Owen Tippett is hit by Will Butcher. 5:10 of 1st period - Egor Zamula is hit by Owen Tippett and loses puck. 5:23 of 1st period - Shot by Matthew Boldy. 5:23 of 1st period - Stopped by Casey DeSmith with a rebound. 5:30 of 1st period - Minor Penalty to Egor Zamula for Slashing. 5:31 of 1st period - Nicolas Roy wins face-off versus Zach Aston-Reese in KANSAS CITY KILLERBEES zone. 5:37 of 1st period - Shot by Nicolas Roy. 5:37 of 1st period - Stopped by Casey DeSmith without a rebound. 5:38 of 1st period - Zach Aston-Reese wins face-off versus Jakub Voracek in KANSAS CITY KILLERBEES zone. 7:10 of 1st period - Shot by Gustav Nyquist. 7:10 of 1st period - Stopped by Casey DeSmith without a rebound. 7:11 of 1st period - Nicolas Roy wins face-off versus Zach Aston-Reese in KANSAS CITY KILLERBEES zone. 7:46 of 1st period - Shot by Dylan Strome. 7:46 of 1st period - Stopped by Casey DeSmith without a rebound. 7:47 of 1st period - Mikael Backlund wins face-off versus Jake Lucchini in KANSAS CITY KILLERBEES zone. 8:04 of 1st period - Shot by MacKenzie Entwistle. 8:04 of 1st period - Stopped by Linus Ullmark without a rebound. 8:05 of 1st period - Tyler Johnson wins face-off versus Nicolas Roy in LOS ANGELES SEALS zone. 8:10 of 1st period - Shot by Anders Bjork. 8:10 of 1st period - Stopped by Linus Ullmark with a rebound. 8:25 of 1st period - Icing by Jakub Voracek. 8:26 of 1st period - Nicolas Roy wins face-off versus Zach Aston-Reese in LOS ANGELES SEALS zone. 9:40 of 1st period - Brady Skjei is hit by Cam Fowler and loses puck. 9:56 of 1st period - Minor Penalty to Buddy Robinson for Holding. 9:57 of 1st period - Nicolas Roy wins face-off versus Zach Aston-Reese in KANSAS CITY KILLERBEES zone. 10:44 of 1st period - Shot by Dylan Strome. 10:44 of 1st period - Deflect By Gustav Nyquist. 10:44 of 1st period - Stopped by Casey DeSmith without a rebound. 10:45 of 1st period - James van Riemsdyk wins face-off versus Mikael Backlund in KANSAS CITY KILLERBEES zone. 10:58 of 1st period - K'Andre Miller is hit by Dylan Strome and loses puck. 11:29 of 1st period - Shot by Noah Dobson. 11:29 of 1st period - Shot Misses the Net. 11:40 of 1st period - Icing by Nicolas Roy. 11:41 of 1st period - Nicolas Roy wins face-off versus Zach Aston-Reese in LOS ANGELES SEALS zone. 11:54 of 1st period - Shot by Jakub Voracek. 11:54 of 1st period - Shot Blocked by Cam Fowler. 12:07 of 1st period - Matthew Boldy is hit by Egor Zamula and loses puck. 12:11 of 1st period - Matthew Boldy is hit by Egor Zamula and loses puck. 13:07 of 1st period - Off-side. 13:08 of 1st period - Nicolas Roy wins face-off versus Yegor Sharangovich in neutral zone. 14:11 of 1st period - Shot by Cam Fowler. 14:11 of 1st period - Shot Hit the Post. 14:13 of 1st period - Shot by Cam Fowler. 14:13 of 1st period - Stopped by Linus Ullmark without a rebound. 14:14 of 1st period - Jake Lucchini wins face-off versus Dylan Strome in LOS ANGELES SEALS zone. 14:14 of 1st period - Cam Fowler is hit by Brandon Carlo and loses puck. 14:18 of 1st period - Nicolas Aube-Kubel is hit by Brandon Carlo and loses puck. 14:59 of 1st period - Icing by Brandon Carlo. 15:00 of 1st period - Zach Aston-Reese wins face-off versus Owen Tippett in LOS ANGELES SEALS zone. 15:44 of 1st period - Shot by Gustav Nyquist. 15:44 of 1st period - Stopped by Casey DeSmith without a rebound. 15:45 of 1st period - Yegor Sharangovich wins face-off versus Nicolas Roy in KANSAS CITY KILLERBEES zone. 16:05 of 1st period - Minor Penalty to Jakub Voracek for Hooking. 16:05 of 1st period - Minor Penalty to Ryan Dzingel for Tripping. 16:06 of 1st period - Christian Dvorak wins face-off versus Tyler Johnson in neutral zone. 16:14 of 1st period - Icing by Tyler Johnson. 16:15 of 1st period - Christian Dvorak wins face-off versus Tyler Johnson in KANSAS CITY KILLERBEES zone. 16:21 of 1st period - Mikael Backlund is hit by Cam Fowler and loses puck. 17:54 of 1st period - Shot by Dylan Strome. 17:54 of 1st period - Stopped by Casey DeSmith without a rebound. 17:55 of 1st period - Tyler Johnson wins face-off versus Christian Dvorak in KANSAS CITY KILLERBEES zone. 18:42 of 1st period - Shot by Nick Bonino. 18:42 of 1st period - Shot Misses the Net. 18:44 of 1st period - Shot by Nicolas Roy. 18:44 of 1st period - Shot Misses the Net. 18:46 of 1st period - Shot by Brandon Carlo. 18:46 of 1st period - Stopped by Casey DeSmith with a rebound. 18:53 of 1st period - Minor Penalty to Owen Tippett for Hooking. 18:54 of 1st period - Yegor Sharangovich wins face-off versus Nicolas Roy in LOS ANGELES SEALS zone. 19:55 of 1st period - Shot by Torey Krug. 19:55 of 1st period - Shot Blocked by Keith Yandle. 19:57 of 1st period - Shot by Nicolas Roy. 19:57 of 1st period - Shot Misses the Net. Goals for this period are 0 for KANSAS CITY KILLERBEES vs 0 for LOS ANGELES SEALS. Shots for this period are 5 for KANSAS CITY KILLERBEES vs 10 for LOS ANGELES SEALS. 2nd period 0:01 of 2nd period - Nicolas Roy wins face-off versus Tyler Johnson in neutral zone. 1:03 of 2nd period - Icing by Colin Miller. 1:04 of 2nd period - Dylan Strome wins face-off versus Jake Lucchini in KANSAS CITY KILLERBEES zone. 1:23 of 2nd period - Shot by MacKenzie Entwistle. 1:23 of 2nd period - Shot Misses the Net. 1:25 of 2nd period - Shot by Nicolas Aube-Kubel. 1:25 of 2nd period - Deflect By MacKenzie Entwistle. 1:25 of 2nd period - Shot Misses the Net. 1:27 of 2nd period - Shot by Colin Miller. 1:27 of 2nd period - Stopped by Linus Ullmark with a rebound. 1:29 of 2nd period - Shot by Colin Miller. 1:29 of 2nd period - Shot Misses the Net. 1:31 of 2nd period - Shot by Nicolas Aube-Kubel. 1:31 of 2nd period - Stopped by Linus Ullmark without a rebound. 1:32 of 2nd period - Yegor Sharangovich wins face-off versus Mikael Backlund in LOS ANGELES SEALS zone. 1:35 of 2nd period - Shot by Ryan Dzingel. 1:35 of 2nd period - Deflect By Yegor Sharangovich. 1:35 of 2nd period - Stopped by Linus Ullmark without a rebound. 1:36 of 2nd period - Mikael Backlund wins face-off versus Yegor Sharangovich in LOS ANGELES SEALS zone. 1:44 of 2nd period - Icing by Cam Fowler. 1:45 of 2nd period - Nicolas Roy wins face-off versus Yegor Sharangovich in KANSAS CITY KILLERBEES zone. 1:54 of 2nd period - K'Andre Miller is hit by Nick Bonino and loses puck. 2:11 of 2nd period - Shot by Yegor Sharangovich. 2:11 of 2nd pe